 Dungeon Crawl Stone Soup version 0.29.0-13-gc9e81de378 (webtiles) character file.

Game seed: 4433318058671351571

2628 LabCoat the Cleaver (level 9, -15/79 HPs)
             Began as a Hill Orc Fighter on Sept 10, 2022.
             Demolished by an orc knight
             ... wielding a +0 glaive
              (37 damage)
             ... in a bailey.
             The game lasted 00:24:51 (6281 turns).

LabCoat the Cleaver (Hill Orc Fighter)              Turns: 6281, Time: 00:24:52

Health: -15/79     AC: 22    Str: 23    XL:     9   Next: 61%
Magic:  0/9        EV:  6    Int:  8    God:
Gold:   759        SH:  5    Dex: 10    Spells: 8/8 levels left

rFire   + . .      SeeInvis .   a - +0 war axe
rCold   . . .      Faith    .   c - +0 buckler
rNeg    . . .      Spirit   +   k - +3 plate armour {rF+}
rPois   .          Reflect  .   (no helmet)
rElec   .          Harm     .   q - +0 cloak
rCorr   .          Rampage  .   (no gloves)
Will    .....                   n - +0 pair of boots
Stlth   ..........              E - amulet of guardian spirit
HPRegen 0.23/turn               b - +4 ring of protection
MPRegen 0.11/turn               (no ring)

@: mighty
A: no striking features
a: no special abilities


You were in a bailey.
You visited 1 branch of the dungeon, and saw 7 of its levels.
You also visited: Sewer and Bailey.

You collected 1456 gold pieces.
You spent 697 gold pieces at shops.

Inventory:

Hand Weapons
 a - a +0 war axe (weapon)
 h - a +0 flail of holy wrath
 i - a +1 vampiric morningstar
Missiles
 w - 19 poisoned darts (quivered)
 x - 7 curare-tipped darts
Armour
 c - a +0 buckler (worn)
 k - a +3 plate armour of fire resistance (worn)
 n - a +0 pair of boots (worn)
 q - a +0 cloak (worn)
Jewellery
 b - a +4 ring of protection (left hand)
 t - an amulet of faith
 E - an amulet of guardian spirit (around neck)
Wands
 G - a wand of flame (8)
Scrolls
 j - 2 scrolls of teleportation
 l - 2 scrolls of blinking
 m - 2 scrolls of acquirement
 o - a scroll of poison
 u - a scroll of immolation {unknown}
 y - 2 scrolls of noise {unknown}
 A - a scroll of silence {unknown}
 C - 2 scrolls of vulnerability {unknown}
Potions
 e - 2 potions of flight
 f - 2 potions of brilliance
 g - 2 potions of curing
 p - a potion of lignification {unknown}
 r - a potion of heal wounds
 v - 5 potions of haste
 z - a potion of magic {unknown}
 B - a potion of cancellation {unknown}
 D - a potion of ambrosia {unknown}
 F - a potion of berserk rage {unknown}


   Skills:
 + Level 7.4 Fighting
 * Level 10.4 Axes
 + Level 3.3 Throwing
 + Level 6.8 Armour
 + Level 6.7 Shields


You had 8 spell levels left.
You didn't know any spells.
Your spell library contained the following spells:

 Spells                   Type           Power      Damage    Failure   Level
 Apportation              Tloc           0%         N/A       100%        1
 Freeze                   Ice            0%         1d3       100%        1
 Necrotise                Necr           0%         1d4       100%        1
 Slow                     Hex            0%         N/A       100%        1
 Summon Small Mammal      Summ           0%         N/A       100%        1
 Confusing Touch          Hex            0%         N/A       100%        3
 Frozen Ramparts          Ice            0%         1d1       100%        3
 Vampiric Draining        Necr           0%         2d6       100%        3
 Fulminant Prism          Conj/Hex       0%         3d6       100%        4
 Hailstorm                Conj/Ice       0%         3d3       100%        4
 Iskenderun's Mystic Bla  Conj/Tloc      0%         2d3       100%        4
 Summon Lightning Spire   Summ/Air       0%         N/A       100%        4
 Lee's Rapid Deconstruct  Erth           0%         3d5*      100%        5
 Storm Form               Tmut/Air       0%         N/A       100%        7
 Maxwell's Capacitive Co  Air            0%         ∞         100%        8


Dungeon Overview and Level Annotations

Branches:
Dungeon (7/15)              Sewer (visited)          Bailey (1/1)
 Temple: D:4-7

Altars:
Dithmenos
Nemelex Xobeh
Zin

Shops:
D:2 [(*(   D:4 (

Annotations:
D:5 3 runed translucent doors, dvd2's ghost, novice TrTm
D:6 3 runed translucent doors, Destapler's ghost, novice TrBe


Message History

The orc warrior hits you but does no damage.
You slash the orc warrior!
The orc warrior is heavily wounded.
The orc warrior hits you but does no damage.
You block the orc warrior's attack.
You slash the orc warrior!
The orc warrior is almost dead.
You block the orc warrior's attack.
The orc knight roars a battlecry!
The orc warrior goes into a battle-frenzy!
The orc warrior hits you but does no damage.
You closely miss the orc warrior.
The orc warrior is almost dead.
The orc warrior hits you but does no damage.
The orc warrior hits you with a +0 spear!
You slash the orc warrior!
You kill the orc warrior!
The orc warrior closely misses you.
The orc knight no longer looks unusually strong.
The orc knight barely misses you.
The orc warrior hits you with a +0 glaive!
Things that are here:
a +0 spear; a +0 ring mail You barely miss the orc warrior.
The orc knight hits you from afar with a +0 glaive!
The orc warrior hits you but does no damage.
You slash the orc warrior!
The orc warrior is moderately wounded.
The orc warrior no longer looks unusually strong.
The orc knight roars a battlecry!
The orcs go into a battle-frenzy!
You block the orc knight's attack.
The orc warrior hits you but does no damage.
You feel much better. You block the orc knight's attack.
The orc knight hits you from afar with a +0 bardiche!
The orc knight hits you from afar with a +0 glaive!
* * * LOW HITPOINT WARNING * * *
You block the orc warrior's attack.
The orc knight hits you from afar with a +0 glaive!!!
You die...

#.~.########## #+############
#.~)##.....##........ .$$$.#
#.~..##...+#..≈≈≈.≈§≈ #.$.##
#.~~..##.##.§≈§.....≈ ##.##.
##.~~..#'#.§≈§§..⌠... #+#..
#∩.~~..#'#...§§.⌠∩⌠.. #..
#.~~..## ##§o≈≈o....≈ ##.
#.~..## #..≈≈≈§≈≈≈ ## #.~.##
##@o...... #
#.~.#########'###+############
#.~...)......##.....##....)...
#.~~~~~))~~~..##.∩.##..)))~~)~
#.........))~..## ##..~~......
##########..~~..###..~~..#####
##..~~.....~~..##
##..~~~~~~~..## ##.........##


You could see 2 orc knights and an orc warrior (strong).

Vanquished Creatures
  Pikel (D:6)
  A troll (D:6)
  A steam dragon (D:6)
  A black bear (D:6)
  An orc warrior (Bailey)
  3 ice beasts
  2 ogres
  4 kobold brigands
  4 lemures (D:6)
  3 phantoms
  A necrophage (D:6)
  Blork the orc (D:6)
  2 scorpions
  3 hounds (D:5)
  Crazy Yiuf (D:3)
  Terence (D:2)
  3 iguanas (D:6)
  2 orc wizards (D:5)
  5 adders
  2 white imps (D:6)
  A worm (D:5)
  2 dart slugs
  31 orcs
  6 bats
  4 endoplasms
  A giant cockroach (D:1)
  6 goblins
  4 hobgoblins
  4 quokkas
  15 ball pythons
  3 frilled lizards
  15 kobolds
  8 rats
142 creatures vanquished.

Vanquished Creatures (others)
  A plant (Sewer)
1 creature vanquished.

Grand Total: 143 creatures vanquished

Notes
Turn   | Place    | Note
-------+----------+-------------------------------------------
     0 | D:1      | LabCoat the Hill Orc Fighter began the quest for the Orb.
     0 | D:1      | Reached XP level 1. HP: 19/19 MP: 1/1
   173 | D:1      | Reached skill level 3 in Axes
   188 | D:1      | Reached XP level 2. HP: 27/27 MP: 2/2
   973 | D:2      | Found a sparkling altar of Nemelex Xobeh.
   989 | D:2      | Reached XP level 3. HP: 31/33 MP: 3/3
  1152 | D:2      | Identified a scroll of acquirement
  1152 | D:2      | Acquired 1064 gold pieces
  1292 | D:2      | Found Fiqillye's Antique Weapon Boutique.
  1298 | D:2      | Bought a runed flail for 143 gold pieces
  1314 | D:2      | Noticed Terence
  1318 | D:2      | Killed Terence
  1319 | D:2      | Reached skill level 4 in Axes
  1319 | D:2      | Reached XP level 4. HP: 40/40 MP: 4/4
  1533 | D:2      | Found Wuesog Folo's Assorted Antiques.
  1619 | D:2      | Found Isuuklem's Armour Shop.
  1636 | D:2      | Bought a +2 plate armour of fire resistance for 400 gold
                  | pieces
  1764 | D:2      | Found Ocyep's Antique Weapon Emporium.
  1770 | D:2      | Bought a runed morningstar for 154 gold pieces
  1904 | D:3      | Found a glowing silver altar of Zin.
  2388 | D:3      | Found a shadowy altar of Dithmenos.
  2394 | D:3      | Reached XP level 5. HP: 47/47 MP: 5/5
  2736 | D:3      | Found a runed translucent door.
  2737 | D:3      | Noticed Crazy Yiuf
  2746 | D:3      | Killed Crazy Yiuf
  2948 | D:4      | Found Pylotus's Antique Weapon Emporium.
  3181 | D:4      | Noticed a phantom
  3202 | D:4      | Killed a phantom
  3203 | D:4      | Reached skill level 5 in Axes
  3203 | D:4      | Reached XP level 6. HP: 40/53 MP: 6/6
  3356 | D:4      | You fall into a shaft and drop 1 floor!
  3356 | D:5      | Entered Level 5 of the Dungeon
  3489 | D:5      | Reached skill level 5 in Fighting
  3489 | D:5      | Reached skill level 6 in Axes
  3573 | D:5      | Found a glowing drain.
  3598 | Sewer    | Entered a sewer
  3781 | Sewer    | Reached XP level 7. HP: 54/61 MP: 7/7
  3797 | Sewer    | Reached skill level 5 in Armour
  3797 | Sewer    | Reached skill level 5 in Shields
  3970 | Sewer    | Identified the +6 rapier of Eternal War {flame, rN+ Will-
                  | rCorr Int+6}
  4058 | D:5      | Reached skill level 7 in Axes
  4354 | D:5      | Found a runed translucent gate.
  4355 | D:5      | Found a runed translucent gate.
  4356 | D:5      | Found a runed translucent gate.
  4361 | D:5      | Noticed dvd2's ghost (novice TrTm)
  4435 | D:5      | Reached skill level 1 in Throwing
  4495 | D:5      | Reached XP level 8. HP: 54/70 MP: 8/8
  4912 | D:6      | Reached skill level 8 in Axes
  5056 | D:6      | Noticed a troll
  5070 | D:6      | Killed a troll
  5071 | D:6      | Reached skill level 9 in Axes
  5090 | D:6      | Identified the +7 chain mail "Atzupp" {Str+6}
  5102 | D:6      | Reached XP level 9. HP: 65/78 MP: 9/9
  5342 | D:6      | Found a runed translucent gate.
  5342 | D:6      | Found a runed translucent gate.
  5342 | D:6      | Found a runed translucent gate.
  5427 | D:6      | Noticed Pikel
  5443 | D:6      | Killed Pikel
  5444 | D:6      | Reached skill level 10 in Axes
  5602 | D:6      | Noticed Destapler's ghost (novice TrBe)
  5715 | D:6      | Noticed Blork the orc
  5722 | D:6      | Killed Blork the orc
  5957 | D:7      | Found a flagged portal.
  5968 | Bailey   | Entered a bailey
  6257 | Bailey   | Noticed an orc knight
  6258 | Bailey   | Noticed an orc knight
  6281 | Bailey   | Demolished by an orc knight

Illustrated notes

Levels and vault maps discovered:
D:1:      heliophobic_arrival_glass_houses, layout_basic, serial_glass,
          glass_columns_c, glass_columns_a, minmay_strange_pillars,
          feat_on_display, feat_on_display, due_unseen_surprise
D:2:      layout_basic, serial_shops, nicolae_shop_crystal, shop,
          nicolae_shop_waterfront, nicolae_shop_statue_plus, basic_altar,
          uniq_terence
D:3:      layout_loops_ring, overflow_temple_1_default, zin_statuary,
          dreamdust_princess_corridor, kennysheep_generic_room_5,
          uniq_crazy_yiuf_cottage
D:4:      layout_basic, minmay_temple_entry_antechambers, serial_shops, shop
D:5:      layout_gridville, cheibrodos_sewer_entry_drain, gammafunk_ghost_split
D:6:      hangedman_cross_stitches, layout_basic, gammafunk_ghost_icy,
          uniq_pikel, uniq_blork_the_orc
D:7:      layout_loops_cross, mainiacjoe_overflow_concentric_impassable,
          enter_bailey_6, uniq_maggie, uniq_duvessa
Bailey:   bailey_polearm_1, bailey

Skill      XL: |  1  2  3  4  5  6  7  8  9 |
---------------+----------------------------+-----
Axes           | 3 4 5 6 7 9 10 | 10.4
Fighting       | 4 5 6 7 |  7.4
Armour         | 4 5 6 |  6.8
Shields        | 4 5 6 |  6.7
Throwing       | 1 2 3 |  3.3

Action                   |  1- 3 |  4- 6 |  7- 9 || total
-------------------------+-------+-------+-------++-------
Melee: War axe           |    71 |   151 |   303 ||   525
Throw: Dart              |       |       |    34 ||    34
Evoke: Wand              |       |       |     5 ||     5
  Use: Scroll            |     2 |     4 |     4 ||    10
       Potion            |       |       |     4 ||     4
 Stab: Distracted        |       |       |     1 ||     1
Armor: Scale mail        |    19 |       |       ||    19
       Plate armour      |       |    89 |   229 ||   318
       Chain mail        |       |    11 |       ||    11
Dodge: Dodged            |    39 |    45 |    84 ||   168
Block: Buckler           |    18 |    35 |    74 ||   127
